 Dungeon Crawl Stone Soup version 0.20-a0-984-ge8aa303 (webtiles) character file.

549 MTVSty1e the Skirmisher (level 7, -8/57 HPs)
             Began as a Formicid Fighter on Apr 10, 2017.
             Mangled by an ogre
             ... wielding a +0 giant club
              (16 damage)
             ... on level 4 of the Dungeon.
             The game lasted 00:07:11 (3002 turns).

MTVSty1e the Skirmisher (Formicid Fighter)          Turns: 3002, Time: 00:07:12

Health: -8/57      AC:  7    Str: 23    XL:     7   Next: 54%
Magic:  7/7        EV:  9    Int:  7    God:
Gold:   167        SH: 10    Dex: 10    Spells: 6/6 levels left

rFire    . . .     SeeInvis +   a - +0 war axe
rCold    . . .     Gourm    .   c - +0 shield
rNeg     . . .     Faith    .   b - +0 scale mail
rPois    .         Spirit   .   (helmet unavailable)
rElec    .         Reflect  .   (no cloak)
rCorr    .         Harm     .   (no gloves)
MR       .....                  (no boots)
Stlth    ..........             (no amulet)
Regen    0.2/turn               (no ring)
MPRegen  0.1/turn               (no ring)

@: no status effects
A: permanent stasis, dig shafts and tunnels, four strong arms, antennae 3
a: Dig, Shaft Self


You were on level 4 of the Dungeon.
You were full.

You visited 1 branch of the dungeon, and saw 4 of its levels.

You collected 167 gold pieces.

Inventory:

Hand Weapons
 a - a +0 war axe (weapon)
Armour
 b - a +0 scale mail (worn)
 c - a +0 shield (worn)
Wands
 d - a wand of clouds (4/9)
 t - a wand of lightning (1/15)
Scrolls
 e - 3 scrolls of teleportation {unknown}
 g - a scroll of blinking {unknown}
 h - 2 scrolls of enchant weapon {unknown}
 l - 5 scrolls of identify {unknown}
 q - 2 scrolls of immolation {unknown}
 s - a scroll of amnesia {unknown}
Potions
 i - a potion of heal wounds {unknown}
 k - 2 potions of curing {unknown}
 m - a potion of invisibility {unknown}
 n - a potion of haste {unknown}
 p - 2 potions of mutation {unknown}
 r - a potion of brilliance {unknown}
 u - a potion of berserk rage {unknown}
Comestibles
 f - 2 bread rations
 j - 7 fruits


   Skills:
 * Level 5.7 Fighting
 + Level 3.6 Axes
 + Level 4.8 Armour
 + Level 2.4 Dodging
 + Level 5.0 Shields


You had 6 spell levels left.
You didn't know any spells.

Dungeon Overview and Level Annotations

Branches:
Dungeon (4/15)             Temple (0/1) D:4

Altars:
The Shining One


Innate Abilities, Weirdness & Mutations

You cannot be hasted, slowed, berserked, paralysed or teleported.
You can dig through walls and to a lower floor.
Your four strong arms can wield two-handed weapons with a shield.
You have a pair of large antennae on your head. (SInv)


Message History

You block the ogre's attack.
You hit the ogre.
The ogre is moderately wounded.
The ogre hits you with a giant club!!
You are too injured to fight recklessly!
Okay, then.
You hit the ogre.
The ogre is heavily wounded.
The ogre completely misses you.
You hit the ogre.
The ogre is heavily wounded.
You block the ogre's attack.
You hit the ogre but do no damage.
The ogre is heavily wounded.
The ogre hits you with a giant club!
* * * LOW HITPOINT WARNING * * *
You hit the ogre.
The ogre is severely wounded.
The ogre hits you with a giant club!
You die...

#..######.#.##.#
#....(..##.###.#
#...###.#### #.#
#.....# #.#
##..#.#.######.#####
#............#....#
#.##.##>#####.###.# #<#
.# # #.# #.# ####.##.#
#@# #.# ....<...## #O#
#.# .......b##.#####.#
#.# ###.#.........#..#
#.# #.#..###......##
#.# ###.#..#
#.....b.###.##########.
.......#
#..>..#.....##.........
.#.###.#
##.....................
.#.# #.#
#.....#.#####.########


You could see an ogre.

Vanquished Creatures
  Menkaure (D:4)
  2 orc priests
  An iguana (D:4)
  A worker ant (D:3)
  5 orc wizards
  4 gnolls (D:2)
  2 adders (D:2)
  6 oozes
  4 worms
  3 dart slugs
  3 leopard geckos (D:3)
  19 orcs
  A ball python (D:2)
  3 giant cockroaches
  8 goblins
  7 hobgoblins
  2 jackals (D:3)
  9 bats
  3 frilled lizards
  3 kobolds
  7 rats
94 creatures vanquished.

Notes
Turn   | Place    | Note
-------+----------+-------------------------------------------
     0 | D:1      | MTVSty1e the Formicid Fighter began the quest for the Orb.
     0 | D:1      | Reached XP level 1. HP: 18/18 MP: 1/1
   437 | D:1      | Reached XP level 2. HP: 25/25 MP: 2/2
   625 | D:2      | Reached XP level 3. HP: 26/30 MP: 3/3
   668 | D:2      | Reached skill level 1 in Dodging
   760 | D:2      | Reached XP level 4. HP: 33/37 MP: 4/4
   938 | D:2      | Reached XP level 5. HP: 15/43 MP: 5/5
  1500 | D:3      | Reached XP level 6. HP: 17/49 MP: 6/6
  2307 | D:3      | Found a glowing golden altar of the Shining One.
  2465 | D:3      | Reached skill level 5 in Fighting
  2684 | D:4      | Noticed Menkaure
  2687 | D:4      | Killed Menkaure
  2687 | D:4      | Reached XP level 7. HP: 40/56 MP: 7/7
  2811 | D:4      | Reached skill level 5 in Shields
  2920 | D:4      | Found a staircase to the Ecumenical Temple.
  3002 | D:4      | Mangled by an ogre

Vault maps used:
D:1:      dpeg_arrival_pits
D:3:      cheibrodos_pilgrimage, marbit_many_paths, kennysheep_generic_room_4
D:4:      minmay_temple_entry_butterflies, uniq_iyjb, uniq_menkaure

Skill      XL: |  1  2  3  4  5  6  7 |
---------------+----------------------+-----
Dodging        | 1 2 |  2.4
Fighting       | 4 5 |  5.7
Shields        | 4 5 |  5.0
Armour         | 4 |  4.8
Axes           | 3 |  3.6

Action                   |  1- 3 |  4- 6 |  7- 9 || total
-------------------------+-------+-------+-------++-------
Melee: War axe           |    48 |   189 |    32 ||   269
Evoke: Wand              |       |     1 |     1 ||     2
  Use: Potion            |       |     1 |       ||     1
  Eat: Bread ration      |       |     1 |       ||     1
       Chunk             |       |     2 |       ||     2
       Meat ration       |       |       |     1 ||     1
Armor: Scale mail        |    17 |    92 |     5 ||   114
Dodge: Dodged            |    11 |    70 |     4 ||    85
Block: Shield            |    25 |   114 |    14 ||   153
